SA
LOUISIANA DRAGOONS @ CHICAGO TULA
09/05/2026
 
TOP OF THE 1ST
Louisiana Dragoons batting - Pitching for Chicago Tula : RHP Juan Valdéz
Pitching: RHP Juan Valdéz
Batting: RHB Kevin Johnson 0-0: Ball
1-0: Swinging Strike
1-1: Ball
2-1: Swinging Strike
2-2: Strikes out swinging
Batting: RHB Armando Carmona 0-0: Foul Ball, location: 2F
0-1: SINGLE (Line Drive, 6M)
Batting: LHB Guillermo Arellano 0-0: Ball
1-0: Ball
2-0: Called Strike
2-1: Called Strike
2-2: Foul Ball, location: 2F
2-2: Foul Ball, location: 2F
2-2: Grounds into double play, 4-6-3 (Groundball, 4)
Top of the 1st over - 0 run(s), 1 hit(s), 0 error(s), 0 left on base; Louisiana 0 - Chicago 0
BOTTOM OF THE 1ST
Chicago Tula batting - Pitching for Louisiana Dragoons : RHP Alfredo Velásquez
Pitching: RHP Alfredo Velásquez
Batting: SHB Holden Nolan 0-0: Called Strike
0-1: Ball
1-1: Foul Ball, location: 2F
1-2: Strikes out swinging
Batting: RHB Rubén Dubón 0-0: Called Strike
0-1: Swinging Strike
0-2: Ground out 6-3 (Groundball, 6)
Batting: LHB Dana Waldrip 0-0: Foul Ball, location: 2F
0-1: Foul Ball, location: 2F
0-2: Foul Ball, location: 2F
0-2: Ground out 4-3 (Groundball, 4M)
Bottom of the 1st over - 0 run(s), 0 hit(s), 0 error(s), 0 left on base; Louisiana 0 - Chicago 0
TOP OF THE 2ND
Louisiana Dragoons batting - Pitching for Chicago Tula : RHP Juan Valdéz
Batting: RHB Scott Robertson 0-0: Foul Ball, location: 2F
0-1: Ball
1-1: Swinging Strike
1-2: Strikes out swinging
Batting: RHB Giuseppe Provolone 0-0: Swinging Strike
0-1: Ball
1-1: Fly out, F3 (Line Drive, 34)
Batting: RHB Domingo Colón 0-0: Ball
1-0: Ground out U3 (Groundball, 34)
Top of the 2nd over - 0 run(s), 0 hit(s), 0 error(s), 0 left on base; Louisiana 0 - Chicago 0
BOTTOM OF THE 2ND
Chicago Tula batting - Pitching for Louisiana Dragoons : RHP Alfredo Velásquez
Batting: SHB Eustacio Tafalla 0-0: Ball
1-0: Ball
2-0: Ball
3-0: Fly out, F8 (Flyball, 8RM)
Batting: RHB José Palácios 0-0: Ball
1-0: Ball
2-0: Ground out 4-3 (Groundball, 4)
Batting: RHB Arturo Scantlebury 0-0: Called Strike
0-1: Ball
1-1: Hit by Pitch
Batting: RHB Alberto Esquivel 0-0: Ball
1-0: Fly out, F4 (Line Drive, 4D)
Bottom of the 2nd over - 0 run(s), 0 hit(s), 0 error(s), 1 left on base; Louisiana 0 - Chicago 0
TOP OF THE 3RD
Louisiana Dragoons batting - Pitching for Chicago Tula : RHP Juan Valdéz
Batting: RHB Emmanuele Lucchetti 0-0: Fly out, F9 (Flyball, 9)
Batting: RHB Harry Gibson 0-0: Ball
1-0: SINGLE (Line Drive, 78S)
Batting: RHB José Luque 0-0: Ball
1-0: SINGLE (Groundball, 56D)
Harry Gibson to second
Batting: RHB Kevin Johnson 0-0: Ball
1-0: Ball
2-0: Foul Ball, location: 2F
2-1: Ball
3-1: Ground out 6-3 (Groundball, 6S)
Harry Gibson to third
José Luque to second
Batting: RHB Armando Carmona 0-0: Called Strike
0-1: Ground out 4-3 (Groundball, 4)
Top of the 3rd over - 0 run(s), 2 hit(s), 0 error(s), 2 left on base; Louisiana 0 - Chicago 0
BOTTOM OF THE 3RD
Chicago Tula batting - Pitching for Louisiana Dragoons : RHP Alfredo Velásquez
Batting: LHB César Gonzáles 0-0: Foul Ball, location: 2F
0-1: Ball
1-1: Called Strike
1-2: Ball
2-2: Ball
3-2: Strikes out swinging
Batting: RHB Zahid Kashani 0-0: Hit by Pitch
Batting: SHB Holden Nolan 0-0: Called Strike
0-1: Swinging Strike
0-2: Strikes out looking
Batting: RHB Rubén Dubón 0-0: Ball
1-0: Swinging Strike
1-1: Called Strike
1-2: Foul Ball, location: 2F
1-2: Fly out, F8 (Flyball, 8LM)
Bottom of the 3rd over - 0 run(s), 0 hit(s), 0 error(s), 1 left on base; Louisiana 0 - Chicago 0
TOP OF THE 4TH
Louisiana Dragoons batting - Pitching for Chicago Tula : RHP Juan Valdéz
Batting: LHB Guillermo Arellano 0-0: Ball
1-0: Ball
2-0: Ball
3-0: Base on Balls
Batting: RHB Scott Robertson 0-0: Ball
1-0: Ball
2-0: Called Strike
2-1: Foul Ball, location: 2F
2-2: Foul Ball, location: 2F
2-2: Ball
3-2: Base on Balls
Guillermo Arellano to second
Batting: RHB Giuseppe Provolone 0-0: Ball
1-0: Fly out, F7 (Flyball, 7)
Batting: RHB Domingo Colón 0-0: Ball
1-0: Ball
2-0: Foul Ball, location: 2F
2-1: Swinging Strike
Passed Ball!
Guillermo Arellano to third
Scott Robertson to second
2-2: Foul Ball, location: 2F
2-2: Foul Ball, location: 2F
2-2: Ground out 6-3 (Groundball, 6)
Guillermo Arellano scores
Batting: RHB Emmanuele Lucchetti 0-0: Ball
1-0: Ball
2-0: Swinging Strike
2-1: SINGLE (Groundball, 4D)
Scott Robertson to third
Runner from 3rd tries for Home, SAFE, no throw
Batting: RHB Harry Gibson 0-0: Fielders Choice at 2nd, 6-4 (Groundball, 6)
Top of the 4th over - 2 run(s), 1 hit(s), 0 error(s), 0 left on base; Louisiana 2 - Chicago 0
BOTTOM OF THE 4TH
Chicago Tula batting - Pitching for Louisiana Dragoons : RHP Alfredo Velásquez
Batting: LHB Dana Waldrip 0-0: Swinging Strike
0-1: Foul Ball, location: 2F
0-2: Ball
1-2: Foul Ball, location: 2F
1-2: Ball
2-2: SINGLE (Line Drive, 8RS)
Batting: SHB Eustacio Tafalla 0-0: Called Strike
0-1: Fly out, F7 (Line Drive, 7LS)
Batting: RHB José Palácios 0-0: Called Strike
0-1: Foul Ball, location: 2F
0-2: Foul Ball, location: 2F
0-2: Reached on error, E4 (Groundball, 34)
Dana Waldrip to second
Batting: RHB Arturo Scantlebury 0-0: Called Strike
0-1: Foul Ball, location: 2F
0-2: Ball
1-2: Fly out, F5 (Popup, 5L)
Batting: RHB Alberto Esquivel 0-0: Swinging Strike
0-1: Ball
1-1: Foul Ball, location: 2F
1-2: Strikes out swinging
Bottom of the 4th over - 0 run(s), 1 hit(s), 1 error(s), 2 left on base; Louisiana 2 - Chicago 0
TOP OF THE 5TH
Louisiana Dragoons batting - Pitching for Chicago Tula : RHP Juan Valdéz
Batting: RHB José Luque 0-0: Ball
1-0: Swinging Strike
1-1: Foul Ball, location: 2F
1-2: Ball
2-2: Ball
3-2: Foul Ball, location: 2F
3-2: Foul Ball, location: 2F
3-2: Strikes out swinging
Batting: RHB Kevin Johnson 0-0: Ball
1-0: Fly out, F7 (Flyball, 7)
Batting: RHB Armando Carmona 0-0: Foul Ball, location: 2F
0-1: SINGLE (Groundball, 4MD)
Batting: LHB Guillermo Arellano 0-0: Ball
1-0: Called Strike
1-1: Fly out, F5 (Line Drive, 6)
Top of the 5th over - 0 run(s), 1 hit(s), 0 error(s), 1 left on base; Louisiana 2 - Chicago 0
BOTTOM OF THE 5TH
Chicago Tula batting - Pitching for Louisiana Dragoons : RHP Alfredo Velásquez
Batting: LHB César Gonzáles 0-0: Foul Ball, location: 2F
0-1: Ball
1-1: Ball
2-1: Foul Ball, location: 2F
2-2: Ground out 6-3 (Groundball, 6)
Batting: RHB Zahid Kashani 0-0: Ball
1-0: Ball
2-0: Foul Ball, location: 2F
2-1: Swinging Strike
2-2: Strikes out swinging
Batting: SHB Holden Nolan 0-0: Ball
1-0: Foul Ball, location: 2F
1-1: Ball
2-1: Foul Ball, location: 2F
2-2: Foul Ball, location: 2F
2-2: Ball
3-2: Base on Balls
Batting: RHB Rubén Dubón 0-0: Called Strike
Holden Nolan steals 2nd base
0-1: SINGLE (Groundball, 6MD)
Holden Nolan to third
Runner from 3rd tries for Home, SAFE, no throw
Batting: LHB Dana Waldrip 0-0: Foul Ball, location: 2F
0-1: Ball
1-1: Foul Ball, location: 2F
1-2: Foul Ball, location: 2F
1-2: Fly out, F7 (Flyball, 7S)
Bottom of the 5th over - 1 run(s), 1 hit(s), 0 error(s), 1 left on base; Louisiana 2 - Chicago 1
TOP OF THE 6TH
Louisiana Dragoons batting - Pitching for Chicago Tula : RHP Juan Valdéz
Batting: RHB Scott Robertson 0-0: Ball
1-0: Foul Ball, location: 2F
1-1: Called Strike
1-2: Ball
2-2: SINGLE (Line Drive, 9S)
Batting: RHB Giuseppe Provolone 0-0: Ball
1-0: Ball
2-0: Ball
3-0: Base on Balls
Scott Robertson to second
Batting: RHB Domingo Colón 0-0: Ball
1-0: Ball
2-0: Sac Bunt - play at first, batter OUT! 1-4
Scott Robertson to third
Giuseppe Provolone to second
Batting: RHB Emmanuele Lucchetti 0-0: Intentional Walk
Batting: RHB Harry Gibson 0-0: Called Strike
0-1: Swinging Strike
0-2: Ball
1-2: Grounds into double play, 5-4-3 (Groundball, 5)
Top of the 6th over - 0 run(s), 1 hit(s), 0 error(s), 2 left on base; Louisiana 2 - Chicago 1
BOTTOM OF THE 6TH
Chicago Tula batting - Pitching for Louisiana Dragoons : RHP Alfredo Velásquez
Batting: SHB Eustacio Tafalla 0-0: Foul Ball, location: 2F
0-1: Ball
1-1: Foul Ball, location: 2F
1-2: Hit by Pitch
Batting: RHB José Palácios 0-0: Reached on error, E4 (Groundball, 4M)
Eustacio Tafalla to second
Batting: RHB Arturo Scantlebury 0-0: Sac Bunt - play at first, batter OUT! 5-3
Eustacio Tafalla to third
José Palácios to second
Batting: RHB Alberto Esquivel 0-0: Ball
1-0: Foul Ball, location: 2F
1-1: Foul Ball, location: 2F
1-2: Foul Ball, location: 2F
1-2: Ball
2-2: Fly out, F8 (Flyball, 89M)
Pitching: RHP Lou Erwin
Batting: LHB César Gonzáles 0-0: Swinging Strike
0-1: Ground out 4-3 (Groundball, 34)
Bottom of the 6th over - 0 run(s), 0 hit(s), 1 error(s), 2 left on base; Louisiana 2 - Chicago 1
TOP OF THE 7TH
Louisiana Dragoons batting - Pitching for Chicago Tula : RHP Juan Valdéz
Batting: RHB José Luque 0-0: Swinging Strike
0-1: Fly out, F9 (Flyball, 89S)
Batting: RHB Kevin Johnson 0-0: Ball
1-0: Ball
2-0: Ball
3-0: Called Strike
3-1: Fly out, F8 (Flyball, 8RS)
Batting: RHB Armando Carmona 0-0: Called Strike
0-1: Ball
1-1: Ball
2-1: Ball
3-1: Base on Balls
Pitching: RHP Howard Vidaurri
Batting: LHB Guillermo Arellano 0-0: Ball
1-0: Ball
2-0: DOUBLE (Line Drive, 8LM)
Armando Carmona to third
Runner from 3rd tries for Home, SAFE, no throw
Batting: RHB Scott Robertson 0-0: Ball
1-0: Swinging Strike
1-1: Foul Ball, location: 2F
1-2: Foul Ball, location: 2F
1-2: Strikes out swinging
Top of the 7th over - 1 run(s), 1 hit(s), 0 error(s), 1 left on base; Louisiana 3 - Chicago 1
BOTTOM OF THE 7TH
Chicago Tula batting - Pitching for Louisiana Dragoons : RHP Lou Erwin
Batting: RHB Zahid Kashani 0-0: Ball
1-0: Ball
2-0: Swinging Strike
2-1: Foul Ball, location: 2F
2-2: Ball
3-2: Strikes out looking
Batting: SHB Holden Nolan 0-0: Called Strike
0-1: Hit by Pitch
Batting: RHB Rubén Dubón 0-0: Foul Ball, location: 2F
0-1: Foul Ball, location: 2F
0-2: Hit by Pitch
Holden Nolan to second
Batting: LHB Dana Waldrip 0-0: Called Strike
0-1: Ball
1-1: Ball
2-1: Foul Ball, location: 2F
2-2: Ball
3-2: Foul Ball, location: 2F
3-2: Base on Balls
Holden Nolan to third
Rubén Dubón to second
Pinch Hitting: RHB Jim Unknown 0-0: Ball
1-0: Called Strike
1-1: Ball
2-1: SINGLE (Flyball, 8RS)
Holden Nolan scores
Rubén Dubón to third
Dana Waldrip to second
Runner from 3rd tries for Home, SAFE, throw made home
Dana Waldrip to third
Jim Unknown to second
Batting: RHB José Palácios 0-0: Called Strike
0-1: Ball
1-1: Ball
2-1: Called Strike
2-2: Ball
Balk!
Dana Waldrip scores
Jim Unknown to third
3-2: Fly out, F7 (Flyball, 7LS)
Runner from 3rd tags up, SCORES, throw made
Pitching: RHP Bennett Swank
Batting: RHB Arturo Scantlebury 0-0: Ball
1-0: Foul Ball, location: 2F
1-1: Ground out 6-3 (Groundball, 6)
Bottom of the 7th over - 4 run(s), 1 hit(s), 0 error(s), 0 left on base; Louisiana 3 - Chicago 5
TOP OF THE 8TH
Louisiana Dragoons batting - Pitching for Chicago Tula : RHP Howard Vidaurri
Now at 2B: Howard Ickes
Batting: RHB Giuseppe Provolone 0-0: Ball
1-0: Foul Ball, location: 2F
1-1: Foul Ball, location: 2F
1-2: Ball
2-2: Foul Ball, location: 2F
2-2: Foul Ball, location: 2F
2-2: Foul Ball, location: 2F
2-2: Foul Ball, location: 2F
2-2: Foul Ball, location: 2F
2-2: Ball
3-2: Fly out, F8 (Flyball, 8RS)
Batting: RHB Domingo Colón 0-0: Called Strike
0-1: Called Strike
0-2: Strikes out swinging
Batting: RHB Emmanuele Lucchetti 0-0: Ball
1-0: Foul Ball, location: 2F
1-1: Called Strike
1-2: Ball
2-2: Strikes out looking
Top of the 8th over - 0 run(s), 0 hit(s), 0 error(s), 0 left on base; Louisiana 3 - Chicago 5
BOTTOM OF THE 8TH
Chicago Tula batting - Pitching for Louisiana Dragoons : RHP Bennett Swank
Batting: RHB Alberto Esquivel 0-0: Swinging Strike
0-1: Ball
1-1: Called Strike
1-2: Reached on error, E1 (Groundball, 13S)
Batting: LHB César Gonzáles 0-0: Sac Bunt - play at first, batter OUT! 1-3
Alberto Esquivel to second
Batting: RHB Zahid Kashani 0-0: Ground out 5-3 (Groundball, 5L)
Batting: SHB Holden Nolan 0-0: Foul Ball, location: 2F
0-1: Ball
1-1: Swinging Strike
1-2: Ball
2-2: Strikes out swinging
Bottom of the 8th over - 0 run(s), 0 hit(s), 1 error(s), 1 left on base; Louisiana 3 - Chicago 5
TOP OF THE 9TH
Louisiana Dragoons batting - Pitching for Chicago Tula : RHP Howard Vidaurri
Pitching: RHP Joseph Chartier
Batting: RHB Harry Gibson 0-0: Called Strike
0-1: Ball
1-1: Foul Ball, location: 2F
1-2: Strikes out swinging
Batting: RHB José Luque 0-0: Called Strike
0-1: Called Strike
0-2: SINGLE (Groundball, 56D)
Pinch Hitting: SHB Eduardo Pampin 0-0: Swinging Strike
0-1: Fly out, F8 (Flyball, 8LM)
Pinch Hitting: LHB Carlos Pińa 0-0: Swinging Strike
0-1: Called Strike
0-2: Strikes out swinging
Top of the 9th over - 0 run(s), 1 hit(s), 0 error(s), 1 left on base; Louisiana 3 - Chicago 5
Monday, March 20th, 2017 - OOTP Baseball 17.12 Build 75